Map: King's Cove LE

Players

Lambo - Winner!

  • Race: Zerg Zerg
  • Spawn Location: 5:00

Probe

  • Race: Protoss Protoss
  • Spawn Location: 11:00

Event: 2019 WCS Spring

VOD

Have the link to the VOD?

Description

Time

  • Played on: May 17, 2019, 2:34 p.m.
  • Length: 8:40

All games in this series

Show
View Real Time Build Order
Export as new Build Order

Lambo Zerg - Winner!

Build Orders: Hatch First 

Get SALT Encoding   

  12  0:00  Drone  
  13  0:13  Overlord  
  13  0:17  Drone  
  14  0:32  Drone x2  
  16  0:48  Hatchery  
  15  0:52  Drone  
  15  0:56  Drone  
  17  0:59  Drone  
  18  1:09  Extractor  
  17  1:14  Spawning Pool  
  17  1:18  Drone  
  17  1:22  Drone  
  18  1:30  Drone  
  19  1:39  Drone  
  20  1:52  Overlord  
  20  2:01  Queen x2  
  20  2:02  Zergling x4  
  26  2:11  Drone x2  
  28  2:26  Drone x2  
  30  2:36  Drone x2  
  32  2:37  Hatchery  
  32  2:42  Pneumatized Carapace  
  31  2:46  Drone  
  31  2:50  Overlord  
  32  2:58  Queen  
  32  3:00  Drone  
  32  3:03  Drone  
  36  3:12  Drone  
  37  3:13  Drone x2  
  37  3:14  Drone  
  37  3:16  Overlord  
  40  3:30  Drone x2  
  40  3:31  Metabolic Boost  
  40  3:33  Drone x2  
  44  3:35  Queen  
  44  3:38  Drone  
  44  3:40  Drone  
  48  3:42  Drone x2  
  48  3:47  Overlord  
  50  3:56  Roach Warren  
  50  3:57  Extractor  
  50  3:59  Overlord, Extractor  
  50  4:02  Drone x2  
  49  4:03  Drone  
  49  4:08  Drone x2  
  52  4:11  Drone x3  
  52  4:14  Drone  
  52  4:15  Drone  
  57  4:17  Drone  
  57  4:20  Overlord  
  57  4:22  Drone x2  
  60  4:24  Drone  
  60  4:29  Extractor  
  60  4:31  Drone x2  
  62  4:39  Zergling x4  
  62  4:44  Zergling x2  
  62  4:45  Zergling x12  
  71  4:51  Overlord  
  71  4:52  Overlord x2  
  71  4:59  Lair  
  71  5:01  Overlord  
  71  5:03  Overlord  
  71  5:05  Overlord  
  71  5:11  Overlord  
  71  5:13  Drone x2  
  73  5:15  Drone x2  
  73  5:18  Extractor  
  73  5:19  Evolution Chamber, Roach x3  
  79  5:24  Roach x2  
  79  5:26  Roach  
  79  5:27  Drone  
  86  5:29  Overlord  
  86  5:33  Roach x2  
  90  5:36  Drone x2  
  90  5:38  Roach  
  90  5:42  Roach x2  
  98  5:45  Zerg Missile Weapons Level 1  
  98  5:50  Roach x3  
  98  5:55  Roach  
  98  5:56  Roach  
  108  5:59  Drone x2  
  108  6:02  Drone  
  111  6:04  Overlord, Baneling Nest  
  111  6:06  Overlord  
  111  6:09  Overlord  
  111  6:11  Roach  
  111  6:14  Overlord  
  111  6:17  Drone x3  
  114  6:20  Roach  
  114  6:22  Roach  
  114  6:24  Drone x2  
  120  6:29  Roach x3  
  126  6:36  Glial Reconstitution  
  126  6:44  Hatchery  
  125  6:48  Roach x3  
  125  6:49  Roach  
  125  6:50  Centrifical Hooks  
  133  6:54  Overseer  
  133  6:56  Ravager x2  
  133  6:58  Roach x4  
  143  7:05  Roach, Zergling x2  
  143  7:06  Roach, Zergling x4  
  152  7:08  Roach  
  152  7:09  Overlord  
  152  7:13  Overlord  
  152  7:17  Overlord  
  152  7:18  Overlord  
  152  7:22  Overlord  
  152  7:23  Ravager  
  152  7:27  Drone  
  152  7:28  Infestation Pit  
  152  7:29  Roach x4  
  161  7:31  Overlord  
  161  7:36  Zergling x8  
  165  7:37  Baneling x3  
  165  7:38  Baneling x2  
  165  7:44  Roach x2  
  165  7:45  Ravager, Roach x2  
  165  7:50  Drone  
  174  7:52  Baneling x6  
  174  7:53  Baneling  
  174  7:57  Ravager x4  
  178  7:59  Drone  
  178  8:00  Zergling x6  
  178  8:01  Zergling x2  
  178  8:02  Baneling x2  
  178  8:03  Baneling x2  
  178  8:05  Zergling x2  
  184  8:10  Ravager, Zergling x10  
  190  8:15  Roach x2  
  190  8:16  Roach  
  196  8:24  Baneling  
  196  8:25  Baneling x5  
Show
View Real Time Build Order
Export as new Build Order

Probe Protoss 

Build Orders: 1 Gate Expand, Archon Immortal 

Get SALT Encoding   

  12  0:00  Probe  
  13  0:12  Probe  
  14  0:24  Pylon  
  14  0:25  Probe  
  15  0:32  Assimilator  
  15  0:38  Probe  
  16  0:46  Probe  
  16  0:48  Gateway  
  16  0:57  Probe  
  18  1:09  Probe  
  19  1:21  Probe  
  20  1:28  Nexus  
  20  1:38  Cybernetics Core, Probe  
  21  1:43  Assimilator  
  21  1:51  Probe  
  21  1:54  Pylon  
  22  2:03  Probe  
  22  2:04  Adept  
  23  2:11  Probe  
  23  2:14  Warp Gate  
  26  2:19  Probe  
  26  2:20  Robotics Facility  
  26  2:29  Probe  
  27  2:34  Sentry  
  27  2:36  Probe  
  30  2:41  Probe  
  32  2:44  Probe  
  33  2:53  Probe  
  33  2:54  Probe  
  35  2:59  Warp Prism  
  35  3:00  Stalker  
  38  3:05  Probe  
  38  3:07  Probe  
  41  3:17  Probe  
  41  3:19  Probe, Pylon  
  43  3:29  Probe  
  43  3:31  Probe  
  43  3:33  Observer  
  45  3:34  Gateway  
  46  3:42  Probe  
  46  3:43  Probe  
  48  3:49  Immortal, Pylon  
  48  3:54  Forge, Probe  
  53  3:56  Probe  
  53  3:59  Assimilator  
  54  4:08  Probe  
  55  4:12  Pylon  
  55  4:15  Pylon  
  55  4:18  Probe  
  55  4:20  Immortal  
  55  4:21  Assimilator, Probe  
  61  4:31  Stalker  
  61  4:32  Protoss Ground Weapons Level 1  
  61  4:33  Stalker  
  65  4:42  Probe  
  66  4:49  Probe  
  66  4:51  Immortal  
  66  4:52  Twilight Council  
  67  4:55  Pylon  
  71  5:08  Gateway  
  71  5:09  Gateway  
  71  5:11  Sentry  
  71  5:12  Sentry  
  71  5:13  Pylon  
  75  5:25  Immortal  
  75  5:27  Gateway x2  
  79  5:45  Charge  
  79  5:47  Sentry x2  
  83  5:50  Pylon  
  83  5:53  Pylon  
  83  6:01  Immortal  
  83  6:08  Protoss Ground Weapons Level 2  
  83  6:10  Nexus  
  83  6:11  Pylon  
  87  6:21  Observer  
  87  6:29  Gateway  
  87  6:31  Gateway  
  87  6:32  Templar Archives  
  87  6:46  Zealot x4  
  95  6:55  Immortal  
  99  7:01  Zealot x2  
  103  7:11  Zealot x3  
  108  7:19  Probe x2  
  110  7:27  High Templar x2  
  110  7:28  Zealot x3  
  120  7:30  Probe  
  120  7:32  Probe  
  120  7:34  Observer, Probe, Archon  
  125  7:51  High Templar x2  
  125  7:52  High Templar  
  125  7:53  Zealot  
  125  7:56  Pylon  
  125  7:57  Pylon x2  
  125  7:58  Pylon, Archon  
  132  8:03  Pylon  
  132  8:07  Pylon  
  132  8:10  Archon x2  
  132  8:12  Pylon x2  
  132  8:15  High Templar x2  
  132  8:16  Zealot x2  
  140  8:20  Archon  
  102  8:36  Zealot x6  
Tags
 
Add a new tag
Caveats
  • Supply blocks, unpowered buildings, or Contaminate may cause inaccurate times.
  • Supply counts are checked every 10 seconds.